Map: LOTV Multitasking Trainer

Players

Nickos

  • Race: Terran Terran
  • League: Gold

VOD

Have the link to the VOD?

Description

Time

  • Played on: Sept. 3, 2016, 6:17 a.m.
  • Length: 5:27
Show
View Real Time Build Order
Export as new Build Order

Nickos Terran 

Build Orders:  

Get SALT Encoding   

  12  0:15  SCV  
  12  0:20  Supply Depot  
  13  0:32  SCV  
  14  0:49  SCV  
  15  0:58  Barracks  
  15  1:06  SCV  
  15  1:10  Unknown  
  16  1:23  SCV  
  17  1:40  SCV  
  18  1:53  Command Center  
  18  2:04  Orbital Command  
  18  2:11  Marine  
  19  2:21  Supply Depot  
  19  2:36  Marine  
  19  2:43  SCV  
  21  2:46  Unknown  
  21  2:49  Barracks  
  21  3:00  SCV  
  21  3:01  Marine  
  23  3:11  Barracks  
  23  3:17  Refinery, SCV  
  24  3:24  Refinery, Unknown  
  24  3:33  SCV  
  24  3:42  Orbital Command  
  25  3:50  SCV  
  26  3:53  Marine  
  27  4:07  SCV  
  27  4:13  Marine  
  29  4:21  SCV  
  30  4:28  SCV  
  31  4:33  Barracks Tech Lab, Marine  
  31  4:38  SCV  
  31  4:41  Unknown, Factory  
  33  4:45  SCV  
  35  4:53  Supply Depot  
  35  4:55  SCV  
  35  4:58  Barracks Reactor  
  35  5:08  Barracks Reactor  
  35  5:11  SCV  
  35  5:12  SCV  
  37  5:19  Marine  
  38  5:28  SCV  
  38  5:29  SCV  
  40  5:45  SCV  
  40  5:46  SCV  
  40  5:48  Barracks  
  40  5:52  Factory Reactor  
  42  6:02  SCV  
  43  6:04  SCV  
  43  6:06  Marine x2  
  43  6:07  Marine x3  
  49  6:21  SCV  
  49  6:22  SCV  
  51  6:32  Supply Depot  
  51  6:38  Unknown, SCV  
  52  6:45  SCV  
  52  6:46  Engineering Bay  
  52  6:47  Engineering Bay  
  52  6:50  Marine  
  54  7:02  Marine x4, SCV  
  59  7:03  Supply Depot  
  59  7:05  Unknown  
  59  7:07  Supply Depot  
  59  7:08  Supply Depot  
  59  7:10  SCV  
  60  7:19  SCV  
  61  7:24  Supply Depot  
Tags
 
Add a new tag
Caveats
  • Supply blocks, unpowered buildings, or Contaminate may cause inaccurate times.
  • Supply counts are checked every 10 seconds.